Map: 2000 Atmospheres LE

Players

DPGRogue (Rogue) - Winner!

  • Race: Zerg Zerg

TIME (Oliveira)

  • Race: Terran Terran
  • League: Grandmaster

Event: DreamHack SC2 Masters 2021 Summer

VOD

Have the link to the VOD?

Description

Time

  • Played on: July 3, 2021, 1:05 p.m.
  • Length: 14:09

All games in this series

Show
View Real Time Build Order
Export as new Build Order

DPGRogue Zerg - Winner!

Build Orders: Hatch First, Lurkers 

Get SALT Encoding   

  12  0:00  Drone  
  13  0:12  Overlord  
  13  0:17  Drone  
  14  0:31  Drone x2  
  16  0:48  Hatchery  
  15  0:51  Drone  
  15  0:54  Drone  
  17  0:58  Drone  
  18  1:08  Extractor  
  17  1:13  Spawning Pool  
  17  1:16  Drone  
  17  1:19  Drone  
  18  1:29  Drone  
  19  1:40  Drone  
  20  1:50  Drone  
  21  1:59  Queen x2  
  21  2:00  Zergling x4  
  27  2:11  Overlord  
  27  2:12  Drone  
  28  2:20  Hatchery  
  28  2:22  Drone  
  28  2:29  Drone  
  29  2:33  Drone  
  29  2:34  Drone  
  31  2:38  Queen  
  31  2:43  Metabolic Boost  
  33  2:47  Overlord  
  33  2:50  Drone  
  34  2:54  Drone  
  34  2:56  Drone  
  36  3:09  Drone x5  
  41  3:14  Queen  
  41  3:17  Overlord  
  41  3:19  Drone  
  44  3:33  Queen, Overlord  
  46  3:35  Zergling x4  
  46  3:37  Drone  
  46  3:39  Drone  
  50  3:43  Queen  
  50  3:44  Drone x2  
  50  3:46  Overlord  
  50  3:48  Drone  
  55  3:50  Drone x2  
  55  3:52  Drone  
  55  3:55  Drone  
  59  3:59  Drone x2  
  61  4:03  Overlord  
  61  4:05  Drone  
  61  4:07  Drone  
  61  4:09  Queen  
  65  4:14  Overlord  
  65  4:15  Drone x2  
  67  4:19  Zergling x6  
  67  4:24  Drone x3  
  72  4:25  Queen  
  72  4:30  Overlord  
  75  4:32  Overlord  
  75  4:36  Extractor, Evolution Chamber  
  75  4:37  Evolution Chamber  
  72  4:39  Drone x3  
  72  4:40  Drone  
  72  4:45  Drone x3  
  79  4:46  Queen  
  79  4:48  Overlord  
  80  4:54  Drone x2  
  80  4:55  Drone x3  
  80  4:59  Extractor  
  84  5:01  Extractor  
  84  5:04  Zerg Ground Armor Level 1, Zerg Melee Weapons Level 1  
  83  5:07  Drone x5  
  88  5:15  Spore Crawler x2, Overlord  
  88  5:21  Overlord  
  86  5:25  Zergling x10  
  86  5:26  Lair  
  91  5:32  Zergling x6  
  93  5:38  Hatchery  
  93  5:40  Zergling x6  
  95  5:46  Zergling x2  
  95  5:48  Hatchery  
  95  5:51  Zergling x6  
  95  5:52  Baneling Nest  
  97  5:57  Spore Crawler  
  97  5:58  Zergling x10  
  97  6:02  Zergling x2  
  97  6:03  Zergling x2  
  102  6:05  Burrow  
  102  6:06  Drone  
  102  6:07  Drone  
  102  6:08  Drone  
  102  6:10  Overlord  
  106  6:12  Zergling x4  
  106  6:14  Overlord  
  106  6:15  Drone x2  
  111  6:25  Zergling x2  
  111  6:26  Zergling x4  
  111  6:28  Hatchery, Overlord  
  112  6:33  Overlord  
  112  6:35  Overseer  
  112  6:37  Centrifical Hooks  
  112  6:40  Zergling x2  
  112  6:41  Zergling x8  
  114  6:51  Drone x6  
  120  6:56  Queen  
  120  6:59  Zergling x4  
  120  7:00  Baneling  
  120  7:01  Drone x2, Baneling x4  
  124  7:02  Drone  
  124  7:04  Drone  
  128  7:10  Drone x5, Spore Crawler  
  128  7:11  Drone x2  
  128  7:14  Overlord  
  134  7:16  Zergling x6  
  137  7:25  Zergling x12  
  137  7:28  Drone  
  140  7:30  Zerg Ground Armor Level 2, Zerg Melee Weapons Level 2  
  140  7:32  Zergling x6  
  140  7:34  Zergling x2  
  144  7:37  Infestation Pit  
  144  7:38  Drone x3, Hydralisk Den  
  144  7:40  Extractor  
  144  7:41  Drone x4  
  144  7:43  Queen  
  150  7:44  Zergling x4  
  150  7:48  Baneling x9, Zergling x2  
  153  7:53  Pneumatized Carapace  
  153  7:55  Zergling x12  
  153  7:58  Extractor x2  
  158  8:00  Zergling x10  
  158  8:01  Zergling x2  
  158  8:03  Baneling x8  
  163  8:08  Zergling x10  
  163  8:10  Zergling x6  
  163  8:11  Overlord  
  170  8:18  Hive  
  170  8:19  Drone x2  
  172  8:21  Lurker Den  
  172  8:22  Extractor  
  172  8:25  Drone x2  
  172  8:30  Drone x4  
  176  8:34  Zergling x2  
  176  8:35  Zergling x6  
  176  8:36  Overlord x2  
  176  8:38  Overlord x2  
  176  8:40  Baneling x7  
  176  8:41  Baneling x9  
  172  8:48  Zergling x2  
  172  8:49  Zergling x14  
  166  8:56  Zergling x16  
  166  9:02  Zergling x16  
  182  9:06  Drone x2  
  184  9:21  Zergling x4  
  184  9:22  Zergling x28  
  200  9:25  Baneling x16  
  200  9:26  Baneling x2  
  200  9:29  Zergling x2  
  200  9:35  Baneling x4  
  200  9:41  Adrenal Glands  
  200  9:47  Zerg Melee Weapons Level 3, Zerg Ground Armor Level 3  
  200  9:52  Seismic Spines  
  191  10:00  Zergling x16  
  191  10:06  Baneling  
  191  10:07  Baneling x17  
  196  10:09  Zergling x4  
  196  10:10  Zergling x4  
  189  10:17  Zergling x22  
  189  10:19  Baneling x9, Queen x11  
  189  10:20  Baneling x2, Zergling x2  
  189  10:21  Zergling x18  
  199  10:22  Zergling x2  
  195  10:36  Zergling x8  
  195  10:37  Hatchery  
  195  10:41  Zergling x2  
  195  10:42  Zergling x18  
  159  10:46  Viper  
  159  10:49  Zergling x8  
  157  10:50  Zergling x2  
  149  10:57  Drone x3  
  149  10:58  Drone  
  149  10:59  Baneling x3  
  149  11:04  Viper  
  149  11:08  Baneling  
  149  11:09  Baneling x7  
  151  11:12  Zergling x2  
  152  11:22  Zergling x18  
  152  11:24  Zergling x2  
  162  11:26  Extractor x2  
  162  11:28  Drone x2  
  162  11:29  Drone x3  
  163  11:36  Adaptive Talons  
  160  11:45  Hatchery  
  159  11:47  Hydralisk x4  
  159  11:50  Hydralisk  
  169  11:54  Spore Crawler  
  169  11:56  Zergling x8  
  164  12:04  Baneling x7  
  164  12:06  Zergling x16  
  168  12:16  Lurker x2  
  168  12:17  Lurker x2  
  168  12:20  Drone x9  
  181  12:23  Drone  
  182  12:31  Hydralisk x5  
  182  12:32  Overlord  
  182  12:34  Zergling x4  
  194  12:37  Zergling x2, Overlord  
  195  12:47  Overlord  
  194  12:54  Baneling x9  
  194  12:55  Baneling x6  
  194  12:57  Zergling x2  
  194  12:58  Zergling x4  
  188  13:02  Baneling x12  
  188  13:03  Zergling x8  
  182  13:12  Lurker x2  
  182  13:16  Zergling x20  
  182  13:17  Zergling x2  
  186  13:27  Zergling x12  
  186  13:31  Zergling x2  
  189  13:35  Zergling x2  
  189  13:36  Hydralisk x2  
  189  13:38  Zergling x2  
  189  13:39  Zergling x4  
  196  13:42  Zergling x2  
  196  13:44  Zergling x2  
  196  13:45  Zergling x4  
Show
View Real Time Build Order
Export as new Build Order

TIME Terran 

Build Orders: Reaper Expand 

Get SALT Encoding   

  12  0:00  SCV  
  13  0:12  SCV  
  14  0:17  Supply Depot  
  14  0:24  SCV  
  15  0:38  SCV  
  15  0:40  Barracks  
  16  0:44  Refinery  
  16  0:50  SCV  
  17  1:03  SCV  
  18  1:15  SCV  
  19  1:27  Orbital Command  
  19  1:28  Reaper  
  20  1:40  Command Center  
  20  1:49  Supply Depot  
  20  1:53  SCV  
  21  2:00  Marine  
  22  2:05  SCV  
  23  2:12  Factory  
  23  2:17  SCV  
  24  2:23  Barracks Reactor  
  24  2:29  SCV  
  25  2:41  SCV, Command Center  
  26  2:53  Orbital Command, SCV  
  27  3:01  Starport  
  27  3:06  Refinery, SCV  
  28  3:15  Hellion x2  
  28  3:18  SCV  
  28  3:19  SCV  
  34  3:21  Barracks Tech Lab  
  34  3:30  SCV  
  34  3:31  SCV  
  36  3:36  Hellion x2  
  40  3:42  SCV  
  40  3:43  SCV  
  40  3:45  Barracks Tech Lab  
  40  3:48  Viking  
  44  3:54  SCV  
  45  3:55  SCV  
  45  3:56  Orbital Command  
  45  3:59  Hellion  
  45  4:01  Hellion  
  50  4:05  Supply Depot  
  50  4:06  SCV  
  50  4:09  SCV  
  52  4:12  Marine  
  52  4:13  Stimpack  
  53  4:18  SCV  
  53  4:21  SCV  
  55  4:30  SCV  
  56  4:32  Starport Reactor, Barracks  
  56  4:35  Barracks, Siege Tank, Supply Depot  
  56  4:37  Marine  
  60  4:40  SCV x2  
  62  4:46  SCV  
  62  4:48  Engineering Bay  
  62  4:49  Engineering Bay  
  63  4:55  SCV x2  
  63  4:57  Marine  
  63  4:58  Refinery x2  
  63  4:59  Supply Depot  
  66  5:03  SCV, Supply Depot  
  67  5:07  SCV  
  67  5:10  Siege Tank  
  67  5:14  Orbital Command  
  72  5:15  Marine  
  72  5:20  SCV  
  73  5:22  SCV, Starport Reactor  
  73  5:24  Terran Infantry Weapons Level 1  
  74  5:28  Marine  
  74  5:29  Marine  
  74  5:33  SCV  
  74  5:34  SCV  
  79  5:36  Marine x2  
  79  5:37  Marine  
  79  5:39  SCV  
  82  5:45  SCV  
  82  5:46  SCV, Marine x2, Siege Tank  
  89  5:51  SCV  
  89  5:54  Marine, Combat Shield  
  89  5:55  Marine, Supply Depot  
  92  5:58  Barracks  
  92  6:00  Barracks  
  92  6:01  SCV  
  92  6:05  SCV  
  92  6:07  Supply Depot x2  
  93  6:12  SCV, Marine x3, Medivac x2  
  101  6:21  Supply Depot  
  101  6:25  Command Center  
  101  6:28  SCV x3, Marine x2, Siege Tank  
  101  6:30  Refinery, Marine  
  110  6:33  Marine  
  110  6:39  Marine  
  112  6:40  SCV x3  
  112  6:44  Medivac x2, Supply Depot  
  112  6:46  Marine  
  120  6:49  Marine x2  
  120  6:52  SCV x2, Marine  
  125  6:54  Barracks Reactor  
  125  6:56  Barracks Reactor, Terran Infantry Armor Level 1  
  125  7:00  Refinery  
  125  7:02  Supply Depot  
  125  7:03  Supply Depot  
  125  7:05  SCV, Marine  
  125  7:07  Armory  
  125  7:08  Supply Depot  
  127  7:10  Siege Tank  
  127  7:11  Marine  
  127  7:12  Marine  
  127  7:13  Marine  
  133  7:21  SCV  
  133  7:23  SCV x2, Marine x2  
  133  7:28  Medivac  
  133  7:29  Marine, Medivac  
  133  7:30  Marine  
  133  7:33  SCV, Marine, Supply Depot  
  133  7:35  SCV  
  137  7:40  SCV  
  137  7:41  Marine  
  137  7:42  Marine x2  
  137  7:43  Factory, Marine x3  
  144  7:45  SCV  
  144  7:47  Marine  
  144  7:48  SCV, Marine  
  144  7:50  Siege Tank  
  144  7:51  Marine  
  151  7:52  SCV  
  151  7:57  SCV  
  151  7:58  Sensor Tower  
  154  7:59  Terran Infantry Weapons Level 2, Marine x2  
  154  8:03  Terran Vehicle Weapons Level 1  
  154  8:04  Marine  
  154  8:05  Marine  
  157  8:11  Planetary Fortress  
  157  8:12  Marine  
  157  8:13  Marine x3  
  157  8:16  SCV x2  
  157  8:19  Marine x3  
  166  8:24  SCV  
  166  8:27  Marine x2  
  167  8:29  Factory Tech Lab, Siege Tank  
  167  8:30  Marine  
  167  8:31  Supply Depot  
  167  8:32  Supply Depot  
  167  8:33  Marine x2  
  175  8:36  Marine  
  175  8:37  Marine  
  175  8:40  Marine  
  172  8:54  Marine  
  172  8:55  Marine x2, Siege Tank  
  149  8:59  Marine x3  
  149  9:00  Medivac x2, Supply Depot  
  149  9:02  SCV  
  160  9:03  SCV x3  
  160  9:07  Siege Tank  
  160  9:09  Marine x3  
  169  9:13  Terran Infantry Armor Level 2  
  169  9:14  SCV  
  169  9:15  SCV  
  171  9:18  Marine x4  
  171  9:19  Marine x2  
  171  9:23  SCV  
  178  9:27  Marine x2  
  178  9:29  Siege Tank  
  183  9:37  Marine x4  
  187  9:41  Liberator x2  
  187  9:42  Siege Tank  
  196  9:48  Command Center  
  196  9:52  Marine x3  
  196  9:57  Marine  
  198  10:14  Supply Depot x2  
  163  10:15  Supply Depot  
  152  10:34  Orbital Command  
  152  10:35  Supply Depot x3  
  152  10:41  Marine x5  
  152  10:42  Marine x2, Siege Tank  
  96  10:50  Terran Infantry Weapons Level 3  
  96  10:54  Barracks Reactor  
  96  10:55  SCV x3  
  98  10:59  Marine x7  
  105  11:05  SCV  
  105  11:07  SCV  
  105  11:08  SCV x2  
  106  11:17  SCV, Marine x7  
  114  11:19  Siege Tank  
  114  11:25  Liberator  
  120  11:28  Liberator  
  120  11:32  Marine x2  
  120  11:34  SCV x2  
  120  11:35  SCV, Marine  
  120  11:39  Marine  
  127  11:40  Marine  
  127  11:41  SCV  
  127  11:43  Factory  
  127  11:44  Supply Depot  
  127  11:45  Marine  
  127  11:46  SCV, Marine x2  
  133  11:47  SCV x2  
  133  11:50  Marine  
  133  11:51  Supply Depot  
  133  11:53  SCV  
  130  12:01  Marine  
  130  12:02  Marine x2  
  130  12:03  Marine x2  
  130  12:04  Siege Tank  
  130  12:05  SCV x2  
  140  12:08  Marine  
  140  12:09  Marine x2  
  140  12:14  Marine  
  140  12:15  Liberator  
  146  12:17  Liberator  
  146  12:18  Refinery  
  146  12:19  Marine x3  
  146  12:20  Marine  
  153  12:23  Marine  
  153  12:26  Marine x2  
  156  12:30  Factory Tech Lab  
  156  12:32  Marine x2  
  158  12:37  Marine, Supply Depot  
  158  12:38  Supply Depot  
  158  12:41  Marine  
  158  12:51  Marine x2  
  158  12:53  Siege Tank x2  
  158  12:56  Marine x2  
  158  12:58  Marine x2  
  158  12:59  Marine  
  159  13:08  Marine x2  
  159  13:09  Liberator x2  
  158  13:13  SCV x2  
  158  13:17  Marine x3  
  158  13:18  SCV  
  162  13:20  Marine x3  
  162  13:22  Orbital Command  
  162  13:26  Marine  
  155  13:28  Marine  
  155  13:34  SCV  
  118  13:35  Marine x2  
  118  13:36  Marine  
  118  13:39  SCV  
  118  13:40  Marine  
  109  13:43  Marine  
  102  13:49  SCV  
  102  13:50  SCV  
  102  13:51  SCV, Marine x3  
Tags
 
Add a new tag
Caveats
  • Supply blocks, unpowered buildings, or Contaminate may cause inaccurate times.
  • Supply counts are checked every 10 seconds.